 Dungeon Crawl Stone Soup version 0.32-a0-779-g362cfcae2a (webtiles) character file.

Game seed: 13690678529418906243

2822 croobank the Caller (level 9, -2/68 HPs)
             Began as a Human Summoner on Mar 19, 2024.
             Was a Follower of Kikubaaqudgha.
             Slain by an orc warrior
             ... wielding a +0 war axe
              (10 damage)
             ... on level 8 of the Dungeon.
             The game lasted 00:56:37 (10756 turns).

croobank the Caller (Human Summoner)               Turns: 10756, Time: 00:56:37

Health: -2/68      AC:  4    Str:  9    XL:     9   Next: 73%
Magic:  4/16       EV: 13    Int: 19    God:    Kikubaaqudgha [*.....]
Gold:   715        SH:  0    Dex: 14    Spells: 0/18 levels left

rFire   . . .        r - +3 dagger (freeze)
rCold   . . .        (no shield)
rNeg    + . .        a - +0 robe
rPois   +            (no helmet)
rElec   .            (no cloak)
rCorr   .            (no gloves)
SInv    .            q - +1 pair of boots
Will    .....        (no amulet)
Stlth   +++          o - ring of poison resistance
HPRegen 0.31/turn    t - ring of positive energy
MPRegen 0.15/turn

%: no passive effects
@: inugami summoned
A: explore regen
a: Renounce Religion, Unearth Wretches


You were on level 8 of the Dungeon.
You worshipped Kikubaaqudgha.
Kikubaaqudgha was aware of your devotion.
You visited 2 branches of the dungeon, and saw 9 of its levels.

You collected 763 gold pieces.
You spent 48 gold pieces at shops.

Inventory:

Hand Weapons
 c - a +0 dagger
 h - a +2 whip of electrocution
 r - a +3 dagger of freezing (weapon)
 s - a +2 spear of pain
 F - a +4 whip
 J - a +2 spear of flaming
Missiles
 f - 2 throwing nets
 i - 7 poisoned darts
Armour
 a - a +0 robe (worn)
 g - a +0 ring mail
 q - a +1 pair of boots (worn)
 D - the +2 leather armour of Veragr Diapn {*Slow Regen+ Str+2 Dex+2}
   (You found it on level 6 of the Dungeon)

   Str+2:     It affects your strength (+2).
   Dex+2:     It affects your dexterity (+2).
   Regen+:    It increases your rate of health regeneration.
   *Slow:     It may slow you when you take damage.
Magical Staves
 n - a staff of cold
Jewellery
 o - a ring of poison resistance (left hand)
 t - a ring of positive energy (right hand)
 A - a +6 ring of strength
Wands
 l - a wand of flame (35)
 u - a wand of digging (5)
Scrolls
 k - a scroll of fear
 B - 2 scrolls of teleportation
 C - a scroll of poison
Potions
 b - a potion of magic
 d - 4 potions of heal wounds
 e - a potion of berserk rage
 j - a potion of resistance
 m - a potion of haste
 p - 4 potions of curing
 w - a potion of brilliance
 z - 3 potions of attraction
 G - a potion of mutation


   Skills:
 * Level 5.3 Fighting
 + Level 5.6 Dodging
 + Level 6.2 Stealth
 + Level 5.1 Spellcasting
 + Level 6.6 Summonings
 - Level 5.0 Fire Magic
 * Level 0.1 Air Magic


You couldn't memorise any spells.
You knew the following spells:

 Your Spells              Type           Power      Damage    Failure   Level
a - Summon Small Mammal   Summ           100%       N/A       1%          1
b - Call Imp              Summ           60%        N/A       1%          2
c - Call Canine Familiar  Summ           30%        N/A       2%          3
d - Summon Blazeheart Go  Fire/Summ      26%        N/A       11%         4
e - Animate Dead          Necr           4%         N/A       77%         4
f - Summon Lightning Spi  Summ/Air       17%        N/A       30%         4

Your spell library contained the following spells:

 Spells                   Type           Power      Damage    Failure   Level
 Apportation              Tloc           8%         N/A       12%         1
 Inner Flame              Hex/Fire       14%        N/A       13%         3
 Cigotuvi's Dreadful Rot  Necr/Alch/Air  10%        N/A       19%         2
 Jinxbite                 Hex            8%         N/A       19%         2
 Sublimation of Blood     Necr           4%         N/A       19%         2
 Vampiric Draining        Necr           4%         2d6       36%         3
 Alistair's Intoxication  Alch           2%         N/A       98%         5
 Irradiate                Conj/Alch      2%         3d12      98%         5
 Malign Gateway           Summ/Tloc      8%         N/A       100%        7
 Ignition                 Fire           11%        3d5       100%        8
 Summon Horrible Things   Summ           15%        N/A       100%        8


Dungeon Overview and Level Annotations

Branches:
Dungeon (8/15)             Temple (1/1) D:5
   Lair: D:8-11

Altars:
Cheibriados
Dithmenos
Elyvilon
Fedhas
Gozag
Hepliaklqana
Kikubaaqudgha
Makhleb
Okawaru
Qazlal
Ru
Sif Muna
Trog
Uskayaw
Vehumet
Wu Jian
Xom
Yredelemnul
Zin
The Shining One

Shops:
D:1 ?:!(   D:5 :

Annotations:
D:5 2 transporters, crimsonchili123's ghost, weakling GnDe


Innate Abilities, Weirdness & Mutations

You regain HP and MP as you explore.


Message History

You hit the orc warrior. You freeze the orc warrior.
The orc warrior is almost dead.
The orc warrior misses you.
You barely miss the orc warrior.
The orc warrior is almost dead.
The orc warrior hits you with a +0 war axe!
You hit the orc warrior but do no damage.
The orc warrior is almost dead.
The orc warrior hits you with a +0 war axe.
You barely miss the orc warrior.
The orc warrior is almost dead.
Your familiar recovers from its injuries.
The orc warrior misses you.
You hit the orc warrior but do no damage.
The orc warrior is almost dead.
The orc warrior misses you.
You barely miss the orc warrior.
The orc warrior is almost dead.
The orc warrior barely misses you.
You hit the orc warrior. You freeze the orc warrior.
The orc warrior is almost dead.
The orc warrior hits you with a +0 war axe!
You hit the orc warrior but do no damage.
The orc warrior is almost dead.
The orc warrior closely misses you.
You barely miss the orc warrior.
The orc warrior is almost dead.
The orc warrior hits you with a +0 war axe!
* * * LOW HITPOINT WARNING * * *
You hit the orc warrior but do no damage.
The orc warrior is almost dead.
The orc warrior hits you with a +0 war axe!
* * * LOW HITPOINT WARNING * * *
Casting: Summon Small Mammal (safe; 1% risk of failure)
Confirm with . or Enter, or press ? or * to list all spells.
You call for your canine familiar and it appears with a howl!
The orc warrior barely misses you.
The orc warrior hits you with a +0 war axe!
You die...
Kikubaaqudgha rasps: You have failed me!
Welcome... death!

#.###.# #......## #.# #.#
#.#...## #.###.# ##+#####
# #.....# ##...## #
###.### ##.....## # #.#.##
##.......## #
#....####........[####
#####....o.)'.........'...
#........@###.........####
#.###.#[#h# ##.......## #
#.....## ##.....## #
###....# ##...## # #....#
##'## # #.#####....# #.#
#..........######.######
#######................#
#.##.#####...###.#


You could see an orc warrior (ally target) and a friendly inugami (summoned).

Vanquished Creatures
  A two-headed ogre (D:8)
  An ice beast (D:6)
  A centaur (D:7)
  A phantom (D:7)
  A kobold brigand (D:6)
  A bullfrog (D:8)
  5 crimson imps
  A gnoll bouda (D:6)
  An orc priest (D:8)
  2 orc wizards (D:8)
  3 gnolls
  2 adders (D:2)
  A white imp (D:7)
  A nameless horror (D:2)
  4 orcs (D:8)
  2 endoplasms
  2 goblins
  A hobgoblin (D:4)
  A jackal (D:2)
  3 kobolds
  2 ball pythons
  3 bats
  2 frilled lizards
  2 rats
44 creatures vanquished.

Vanquished Creatures (collateral kills)
  A nameless horror (D:5)
  An orc warrior (D:8)
  2 sky beasts
  A black bear (D:5)
  3 ogres
  A phantom (D:5)
  A bullfrog (D:7)
  2 scorpions
  A howler monkey (D:5)
  2 crimson imps
  A jelly (D:4)
  2 orc priests
  A gnoll bouda (D:7)
  3 hounds
  Jessica (D:2)
  2 iguanas
  3 orc wizards
  5 gnolls
  7 adders
  A white imp (D:8)
  A dart slug (D:4)
  A ribbon worm (D:3)
  6 orcs
  7 bats
  6 endoplasms
  3 giant cockroaches (D:4)
  2 goblins (D:1)
  4 hobgoblins
  A jackal (D:2)
  A quokka (D:4)
  5 ball pythons
  5 frilled lizards
  6 kobolds
  7 rats
96 creatures vanquished.

Vanquished Creatures (others)
  7 blazeheart cores
7 creatures vanquished.

Grand Total: 147 creatures vanquished

Notes
Turn   | Place    | Note
-------+----------+-------------------------------------------
     0 | D:1      | croobank the Human Summoner began the quest for the Orb.
     0 | D:1      | Reached XP level 1. HP: 13/13 MP: 3/3
   182 | D:1      | Found Itiun's Book Boutique.
   275 | D:1      | Reached XP level 2. HP: 12/19 MP: 5/5
   278 | D:1      | Learned a level 2 spell: Call Imp
   318 | D:1      | Found Jobrou's Magic Scroll Boutique.
   330 | D:1      | Bought a scroll of identify for 24 gold pieces
   330 | D:1      | Bought a scroll of identify for 24 gold pieces
   520 | D:1      | Found Fuupn's Assorted Antiques.
   747 | D:1      | Found Xiniw's Weapon Shoppe.
   793 | D:1      | Upgraded the game from 0.32-a0-768-g0f6f1dd4b9 to
                  | 0.32-a0-779-g362cfcae2a
   877 | D:1      | Found Roghonuss's Distillery.
  1013 | D:2      | Reached XP level 3. HP: 21/24 MP: 3/6
  1017 | D:2      | Learned a level 3 spell: Call Canine Familiar
  1230 | D:2      | Noticed Jessica
  1249 | D:2      | Killed Jessica
  1250 | D:2      | Reached XP level 4. HP: 27/30 MP: 4/7
  2208 | D:3      | You fall into a shaft and drop 3 floors!
  2225 | D:6      | Found a bloodstained altar of Trog.
  2236 | D:5      | Entered Level 5 of the Dungeon
  2242 | D:5      | Reached XP level 5. HP: 35/35 MP: 3/9
  2320 | D:5      | Noticed a phantom
  2333 | D:5      | Noticed crimsonchili123's ghost (weakling GnDe)
  2334 | D:5      | Found a transporter.
  2334 | D:5      | Identified the +5 great mace "Hucoemim" {antimagic, Str+5}
  2334 | D:5      | Noticed an ogre
  2367 | D:4      | Reached XP level 6. HP: 39/41 MP: 3/10
  2507 | D:4      | Reached skill level 5 in Summonings
  2537 | D:4      | Learned a level 4 spell: Summon Blazeheart Golem
  3130 | D:4      | Reached skill level 1 in Fire Magic
  3130 | D:4      | Reached XP level 7. HP: 34/46 MP: 6/12
  3294 | D:3      | Found a snail-covered altar of Cheibriados.
  4058 | D:3      | Found a faded altar of an unknown god.
  4590 | D:5      | Noticed a nameless horror
  4658 | D:5      | Found a transporter.
  4716 | D:5      | Reached skill level 1 in Fighting
  4889 | D:5      | Found Wunacy's Tremendous Tomes.
  5146 | D:5      | Found a staircase to the Ecumenical Temple.
  5158 | Temple   | Entered the Ecumenical Temple
  5209 | Temple   | Became a worshipper of Kikubaaqudgha
  5538 | D:5      | Killed a nameless horror
  5653 | D:6      | Identified the +2 leather armour of Veragr Diapn {*Slow
                  | Regen+ Str+2 Dex+2}
  5673 | D:6      | Reached XP level 8. HP: 56/56 MP: 10/14
  6570 | D:6      | Reached skill level 5 in Stealth
  7982 | D:7      | Reached XP level 9. HP: 25/65 MP: 8/15
  8873 | D:8      | Noticed a two-headed ogre
  8879 | D:8      | Reached skill level 5 in Dodging
  8879 | D:8      | Killed a two-headed ogre
  8880 | D:8      | Reached skill level 5 in Fire Magic
  9972 | D:8      | Reached skill level 5 in Fighting
 10107 | D:8      | Reached skill level 5 in Spellcasting
 10319 | D:8      | Reached * piety under Kikubaaqudgha
 10319 | D:8      | Received a gift from Kikubaaqudgha
 10519 | D:8      | Learned a level 4 spell: Animate Dead
 10524 | D:8      | Learned a level 4 spell: Summon Lightning Spire
 10756 | D:8      | Slain by an orc warrior

Illustrated notes

Levels and vault maps discovered:
D:1:      zelgadis_glass_arrival_small, layout_rooms, serial_shops, shop,
          nicolae_shop_tiny_waterfront, nicolae_shop_peninsula,
          nicolae_shop_trees, nicolae_shop_advertising_works
          [nicolae_subvault_shop_adworks]
D:2:      layout_basic, uniq_jessica
D:3:      layout_loops_cross, nicolae_overflow_hidden_temple,
          cheibrodos_sewer_entry_sluice, dreamdust_ecumenical_altar_statues,
          minmay_pentangle
D:4:      layout_basic
D:5:      layout_loops_ring, minmay_temple_entry_grid, gammafunk_ghost_smash,
          chequers_serial_rivers_marsh, nicolae_shop_i_like_big_books,
          wad_floor_pattern_1
D:6:      layout_layer_cave, lemuel_crystal_altar, lexackson_kobold_supper
D:7:      layout_loops_corners
D:8:      layout_loops_corners, ashenzari_conservatory_becter, minmay_nine_imps
Temple:   dpeg_five_rooms_temple

Skill      XL: |  1  2  3  4  5  6  7  8  9 |
---------------+----------------------------+-----
Stealth        | 3 4 5 6 |  6.2
Dodging        | 3 4 5 |  5.6
Spellcasting   | 3 4 5 |  5.1
Summonings     | 5 6 |  6.6
Fire Magic     | 1 2 4 5 |  5.0
Fighting       | 2 3 5 |  5.3
Air Magic      | |  0.1

Action                     |  1- 3 |  4- 6 |  7- 9 || total
---------------------------+-------+-------+-------++-------
  Melee: Dagger            |    67 |    20 |   276 ||   363
         Unarmed           |     4 |       |       ||     4
   Cast: Summon Small Mamm |    20 |    19 |    48 ||    87
         Call Imp          |    11 |    13 |    29 ||    53
         Call Canine Famil |     1 |    12 |    28 ||    41
         Summon Blazeheart |       |       |    14 ||    14
    Use: Scroll            |     1 |     7 |    11 ||    19
         Potion            |     1 |       |     3 ||     4
   Stab: Sleeping          |     1 |     5 |     9 ||    15
 Armour: Robe              |    66 |    10 |   147 ||   223
  Dodge: Dodged            |    51 |    24 |   132 ||   207

Table legend: (Time is in decaauts)
 A = Elapsed time spent in this place.
 B = Non-inter-level travel time spent in this place.
 C = Inter-level travel time spent in this place.
 D = Time resting spent in this place.
 E = Time spent auto-exploring this place.
 F = Levels seen in this place.
 G = Mean time per level.
                   A        B        C        D        E       F      G
               +--------+--------+--------+--------+--------+-----+--------+
         Total |  10771 |  10356 |    415 |   2691 |   5605 |   9 | 1196.8 |
       Dungeon |  10670 |  10353 |    317 |   2691 |   5605 |   8 | 1333.8 |
        Temple |    100 |      2 |     98 |      0 |      0 |   1 |  100.0 |
               +--------+--------+--------+--------+--------+-----+--------+

Top non-repeatable levels by time:
     D:7: 2759 daAuts
     D:6: 1513 daAuts
     D:2: 1200 daAuts
     D:4: 1154 daAuts
     D:5: 1140 daAuts
     D:3: 1012 daAuts
     D:1: 1004 daAuts
     D:8: 886 daAuts
  Temple: 100 daAuts
